 Dungeon Crawl Stone Soup version 0.19.0-19-g8c6edcc (webtiles) character file.

4473 HungrySpirit the Cleaver (level 10, -1/79 HPs)
             Began as a Mummy Gladiator on Nov 13, 2016.
             Was an Initiate of Gozag.
             Slain by Prince Ribbit (8 damage)
             ... on level 8 of the Dungeon.
             The game lasted 00:13:17 (8911 turns).

HungrySpirit the Cleaver (Mummy Gladiator)          Turns: 8911, Time: 00:13:18

Health: -1/79      AC: 14    Str: 22    XL:     10   Next: 15%
Magic:  0/10       EV:  6    Int:  8    God:    Gozag
Gold:   80         SH:  4    Dex: 12    Spells: 0 memorised, 9 levels left

rFire  x . .     SeeInvis .     a - +0 war axe
rCold  + + .     Gourm    .     w - +0 plate armour
rNeg   + + +     Faith    .     v - +0 buckler
rPois  ∞         Spirit   +     c - +0 helmet
rElec  .         Reflect  .     (no cloak)
rCorr  .         Harm     .     (no gloves)
MR     +....     Rnd*Tele +     s - +2 pair of boots {Stlth+}
Stlth  ..........               q - amulet of guardian spirit
                                r - ring of teleportation (curse)
                                e - ring of protection from cold

@: no status effects
A: no food or potions, fire vulnerability, cold resistance 1, negative energy
resistance 3, torment resistance, unbreathing
a: Potion Petition, Call Merchant, Bribe Branch, Renounce Religion


You were on level 8 of the Dungeon.
You worshipped Gozag.
Gozag was noncommittal.
You were not hungry.

You visited 1 branch of the dungeon, and saw 8 of its levels.

You collected 1157 gold pieces.
You spent 294 gold pieces at shops.
You paid 783 gold pieces to Gozag.

Inventory:

Hand Weapons
 a - a +0 war axe (weapon)
Missiles
 d - 4 throwing nets (quivered)
Armour
 c - a +0 helmet (worn)
 s - a +2 pair of boots of stealth (worn)
 v - a +0 buckler (worn)
 w - a +0 plate armour (worn)
Jewellery
 e - a ring of protection from cold (left hand)
 n - an uncursed ring of flight
 o - a +4 ring of strength
 q - an amulet of guardian spirit (around neck)
 r - a cursed ring of teleportation (right hand)
Wands
 l - a wand of digging (15/24)
 m - a wand of acid (0/15)
 p - a wand of iceblast (0/15)
Scrolls
 b - a scroll of remove curse
 f - 2 scrolls of immolation
 g - a scroll of blinking
 h - 3 scrolls of fog
 i - a scroll of amnesia
 j - 2 scrolls of enchant weapon
 t - 3 scrolls of identify


   Skills:
 + Level 7.0 Fighting
 * Level 10.8 Axes
 - Level 1.5 Throwing
 - Level 2.4 Dodging
 + Level 3.2 Shields


You had 9 spell levels left.
You didn't know any spells.

Dungeon Overview and Level Annotations

Branches:
Dungeon (8/15)             Temple (0/1) D:4            Lair (0/6) D:8

Altars:
Gozag
Trog
Vehumet

Shops:
D:6 [   D:8 [

Annotations:
D:8 Prince Ribbit


Innate Abilities, Weirdness & Mutations

You do not eat or drink.
Your flesh is vulnerable to fire.
You are immune to poison.
Your flesh is cold resistant. (rC+)
You are immune to negative energy. (rN+++)
You are immune to unholy pain and torment.
You can survive without breathing.


Message History

You hit Prince Ribbit.
Prince Ribbit hits you but does no damage.
Items here: ! $ ( )) [ Prince Ribbit blinks!
Items here: ! $ ( )) [ Prince Ribbit hits you but does no damage.
Prince Ribbit hits you but does no damage.
Prince Ribbit blinks!
Prince Ribbit blinks!
Prince Ribbit hits you but does no damage.
A killer bee comes into view.
The killer bee buzzes angrily.
The killer bee stings you but does no damage.
You hit the killer bee.
The killer bee is lightly wounded.
You closely miss Prince Ribbit. The killer bee stings you.
* * * LOW HITPOINT WARNING * * *
You block the killer bee's attack. Prince Ribbit hits you!
You die...
Your body crumbles into a pile of gold.

.... #....##..........#
...) #....##.......#..##
.... #....##.......#...#
#### #....##.......##..#
#....##)......##..##
#....##.......###..#
#.................>#
#...y###############
#####...@#######....####
.........F..............
#####........###....#####
#........##.........#
#........##...(.....#
#........##.F.......#
#........##....$....#
#........##.........#
#........##.........#


You could see Prince Ribbit and a killer bee.

Vanquished Creatures
  The ghost of no0bjke the Destroyer, a novice DrCj of Makhleb (D:6)
  Joseph (D:8)
  The ghost of Philosophy the Slasher, a novice HOFi (D:5)
  Psyche (D:8)
  A komodo dragon (D:8)
  A hippogriff (D:8)
  Menkaure (D:5)
  3 orc warriors
  A black bear (D:8)
  An ice beast (D:5)
  3 phantoms
  4 ogres
  A big kobold (D:8)
  3 bullfrogs
  A scorpion (D:6)
  3 crimson imps
  A centaur skeleton (D:7)
  5 orc priests
  2 hounds (D:4)
  2 jellies
  3 bullfrog skeletons
  Jessica (D:3)
  Terence (D:2)
  Natasha (thrice) (D:2)
  5 orc wizards
  5 worker ants
  A hound zombie (D:6)
  2 worker ant zombies
  11 adders
  A shadow imp (D:2)
  2 oozes
  An adder zombie (D:7)
  10 dart slugs
  4 worms
  A leopard gecko (D:2)
  32 orcs
  7 bats
  9 giant cockroaches
  6 goblins
  13 hobgoblins
  10 jackals
  A quokka (D:5)
  7 frilled lizards
  A jackal skeleton (D:8)
  12 kobolds
  A leopard gecko skeleton (D:5)
  A quokka skeleton (D:7)
  6 rats
194 creatures vanquished.

Vanquished Creatures (others)
  A plant (D:8)
1 creature vanquished.

Grand Total: 195 creatures vanquished

Notes
Turn   | Place    | Note
-------+----------+-------------------------------------------
     0 | D:1      | HungrySpirit the Mummy Gladiator began the quest for the Orb.
     0 | D:1      | Reached XP level 1. HP: 16/16 MP: 1/1
   471 | D:1      | Reached skill level 3 in Axes
   471 | D:1      | Reached XP level 2. HP: 6/22 MP: 2/2
  1239 | D:2      | Found a radiant altar of Vehumet.
  1244 | D:2      | Reached XP level 3. HP: 27/27 MP: 3/3
  1777 | D:2      | Reached skill level 4 in Axes
  1780 | D:2      | Found a faded altar of an unknown god.
  1844 | D:2      | Noticed Natasha
  1849 | D:2      | Killed Natasha
  1849 | D:2      | Reached XP level 4. HP: 25/33 MP: 4/4
  2411 | D:2      | Found a bloodstained altar of Trog.
  2524 | D:2      | Noticed Natasha
  2527 | D:2      | Killed Natasha
  2586 | D:2      | Noticed Natasha
  2604 | D:2      | Killed Natasha
  2604 | D:2      | Reached XP level 5. HP: 10/38 MP: 5/5
  2924 | D:2      | Reached skill level 5 in Axes
  3095 | D:3      | Noticed Terence
  3115 | D:2      | Killed Terence
  3545 | D:3      | Noticed Jessica
  3550 | D:3      | Killed Jessica
  3550 | D:3      | Reached XP level 6. HP: 44/44 MP: 6/6
  4016 | D:3      | Reached skill level 6 in Axes
  4062 | D:3      | Found an opulent altar of Gozag.
  4069 | D:3      | Became a worshipper of Gozag Ym Sagoz the Greedy
  4301 | D:4      | Reached XP level 7. HP: 35/50 MP: 7/7
  4468 | D:4      | Reached skill level 7 in Axes
  4749 | D:4      | Found a staircase to the Ecumenical Temple.
  5444 | D:5      | Entered Level 5 of the Dungeon
  5604 | D:5      | Reached skill level 8 in Axes
  5651 | D:5      | Reached XP level 8. HP: 56/57 MP: 8/8
  6093 | D:5      | Noticed Menkaure
  6102 | D:5      | Killed Menkaure
  6302 | D:5      | Noticed Philosophy's ghost (novice HOFi)
  6334 | D:5      | Killed Philosophy's ghost
  6334 | D:5      | Reached skill level 9 in Axes
  6630 | D:6      | Noticed no0bjke's ghost (novice DrCj)
  6651 | D:6      | Killed no0bjke's ghost
  6651 | D:6      | Reached skill level 5 in Fighting
  6651 | D:6      | Reached XP level 9. HP: 21/68 MP: 1/9
  7001 | D:6      | Found Miseutre's Armour Emporium.
  7271 | D:6      | Reached skill level 1 in Shields
  7690 | D:7      | Reached skill level 10 in Axes
  8517 | D:8      | Noticed Psyche
  8537 | D:8      | Killed Psyche
  8629 | D:8      | Bought a pair of embroidered boots for 294 gold pieces
  8657 | D:8      | Found a staircase to the Lair.
  8658 | D:8      | Noticed a komodo dragon
  8683 | D:8      | Killed a komodo dragon
  8683 | D:8      | Reached XP level 10. HP: 66/77 MP: 8/10
  8871 | D:8      | Noticed Prince Ribbit
  8873 | D:8      | Noticed Joseph
  8895 | D:8      | Killed Joseph
  8911 | D:8      | Slain by Prince Ribbit

Skill      XL: |  1  2  3  4  5  6  7  8  9 10 |
---------------+-------------------------------+-----
Axes           | 3 4 5 6 8 9 10 | 10.8
Fighting       | 5 6 7 |  7.0
Shields        | 3 |  3.2
Throwing       | |  1.5
Dodging        | |  2.4

Action                   |  1- 3 |  4- 6 |  7- 9 | 10-12 || total
-------------------------+-------+-------+-------+-------++-------
Melee: War axe           |   105 |   225 |   440 |    46 ||   816
Invok: Potion Petition   |       |       |     1 |       ||     1
       Call Merchant     |       |       |     1 |       ||     1
Evoke: Wand              |       |     1 |     9 |     2 ||    12
  Use: Scroll            |       |       |    13 |       ||    13
 Stab: Sleeping          |       |     1 |       |       ||     1
       Distracted        |       |       |     3 |       ||     3
Armor: Leather armour    |    24 |    29 |       |       ||    53
       Chain mail        |       |   104 |   124 |       ||   228
       Plate armour      |       |       |    74 |    32 ||   106
Dodge: Dodged            |    74 |   115 |   131 |     7 ||   327
Block: Buckler           |       |       |    36 |    12 ||    48
